TOP OF THE 1ST |
Chicago Gold Sox batting - Pitching for Panama City Piranhas : LHP Pedro Alejándrez
|
Pitching: LHP Pedro Alejándrez
|
|
Batting: LHB Stanley Belote
|
0-0: Ball 1-0: Fly out, F8 (Flyball, 78D)
|
Batting: LHB Noel Ballard
|
0-0: Foul Ball, location: 2F 0-1: Ball 1-1: Ball 2-1: Foul Ball, location: 2F 2-2: Foul Ball, location: 2F 2-2: Foul Ball, location: 2F 2-2: Strikes out swinging
|
Batting: SHB Lupo Cotto
|
0-0: Swinging Strike 0-1: Reached on error, E5 (Groundball, 56)
|
Batting: LHB Dewitt Hopper
|
0-0: Called Strike 0-1: Called Strike 0-2: Ball 1-2: Foul Ball, location: 2F 1-2: Strikes out looking
|
Top of the 1st over - 0 runs, 0 hits, 1 error, 1 left on base; Chicago 0 - Panama City 0 |
BOTTOM OF THE 1ST |
Panama City Piranhas batting - Pitching for Chicago Gold Sox : RHP Shuntavyious Primes-Willes
|
Pitching: RHP Shuntavyious Primes-Willes
|
|
Batting: LHB Robert Adams
|
0-0: Ball 1-0: Swinging Strike 1-1: Ball 2-1: Foul Ball, location: 2F 2-2: Ball 3-2: Strikes out swinging
|
Batting: RHB Baldomero Avino
|
0-0: Ball 1-0: Ball 2-0: Called Strike 2-1: DOUBLE (Line Drive, 8LXD)
|
Batting: RHB Armando Alvarado
|
0-0: Called Strike 0-1: Ball 1-1: Ball 2-1: Ball 3-1: Ground out 3-1 (Groundball, 34S) Baldomero Avino to third
|
Batting: RHB Juan Jose Ayala
|
0-0: Ball 1-0: Called Strike 1-1: Ball 2-1: SINGLE (Groundball, 25) (infield hit) Baldomero Avino scores
|
Batting: RHB Raúl Ortíz
|
0-0: Hit by Pitch Juan Jose Ayala to second
|
Batting: RHB Andy Putman
|
0-0: Called Strike Juan Jose Ayala steals 3rd base 0-1: Foul Ball, location: 2F 0-2: Ball 1-2: Ball 2-2: Ball 3-2: Foul Ball, location: 2F 3-2: Foul Ball, location: 2F 3-2: 3-RUN HOME RUN (Line Drive, 78XD), Distance : 420 ft
|
Batting: LHB Sergio Muńóz
|
0-0: Ball 1-0: Swinging Strike 1-1: Called Strike 1-2: Ball 2-2: Ball 3-2: Foul Ball, location: 2F 3-2: Fly out, F5 (Popup, 56S)
|
Bottom of the 1st over - 4 runs, 3 hits, 0 errors, 0 left on base; Chicago 0 - Panama City 4 |
TOP OF THE 2ND |
Chicago Gold Sox batting - Pitching for Panama City Piranhas : LHP Pedro Alejándrez
|
Batting: RHB Manuel Guillama
|
0-0: Foul Ball, location: 2F 0-1: Swinging Strike 0-2: Foul Ball, location: 2F 0-2: Ball 1-2: Ball 2-2: SINGLE (Line Drive, 78S)
|
Batting: LHB Melvin Castro
|
0-0: Ball 1-0: Fly out, F3 (Line Drive, 3S) Lined into DP, U3 (Line Drive, 3S)
|
Batting: RHB Ángel Rivera
|
0-0: Called Strike 0-1: Swinging Strike 0-2: SINGLE (Groundball, 56D)
|
Batting: LHB Ricardo Collazo
|
0-0: Swinging Strike 0-1: Foul Ball, location: 2F 0-2: Ball 1-2: Foul Ball, location: 2F 1-2: DOUBLE (Flyball, 7) Ángel Rivera to third
|
Batting: RHB Matt Love
|
0-0: Ball 1-0: SINGLE (Groundball, 6D) Ángel Rivera scores Ricardo Collazo to third Runner from 3rd tries for Home, SAFE, no throw
|
Batting: LHB Stanley Belote
|
0-0: Ball 1-0: Ball 2-0: Foul Ball, location: 2F 2-1: Foul Ball, location: 2F 2-2: Fielders Choice at 2nd, 6-4 (Groundball, 6)
|
Top of the 2nd over - 2 runs, 4 hits, 0 errors, 1 left on base; Chicago 2 - Panama City 4 |
BOTTOM OF THE 2ND |
Panama City Piranhas batting - Pitching for Chicago Gold Sox : RHP Shuntavyious Primes-Willes
|
Batting: RHB Rob Gray
|
0-0: Foul Ball, location: 2F 0-1: Ball 1-1: SINGLE (Groundball, 56D)
|
Batting: LHB Jack Sutherland
|
0-0: Foul Ball, location: 2F 0-1: Ball 1-1: Called Strike 1-2: Foul Ball, location: 2F 1-2: Ball 2-2: Ball 3-2: Strikes out looking
|
Batting: LHB Robert Adams
|
0-0: Foul Ball, location: 2F 0-1: Ball 1-1: Ball 2-1: Fly out, F4 (Line Drive, 4)
|
Batting: RHB Baldomero Avino
|
0-0: Fly out, F8 (Flyball, 8LM)
|
Bottom of the 2nd over - 0 runs, 1 hit, 0 errors, 1 left on base; Chicago 2 - Panama City 4 |
TOP OF THE 3RD |
Chicago Gold Sox batting - Pitching for Panama City Piranhas : LHP Pedro Alejándrez
|
Batting: LHB Noel Ballard
|
0-0: Ball 1-0: Foul Ball, location: 2F 1-1: Ball 2-1: Foul Ball, location: 2F 2-2: Ground out 1-3 (Groundball, 13)
|
Batting: SHB Lupo Cotto
|
0-0: Swinging Strike 0-1: Ball 1-1: Ball 2-1: Foul Ball, location: 2F 2-2: Strikes out swinging
|
Batting: LHB Dewitt Hopper
|
0-0: Swinging Strike 0-1: Ball 1-1: SOLO HOME RUN (Flyball, 89XD), Distance : 421 ft
|
Batting: RHB Manuel Guillama
|
0-0: Ball 1-0: Called Strike 1-1: Ball 2-1: SINGLE (Groundball, 6MD)
|
Batting: LHB Melvin Castro
|
0-0: Foul Ball, location: 2F 0-1: Called Strike 0-2: Foul Ball, location: 2F 0-2: Ball 1-2: Foul Ball, location: 2F 1-2: Ball 2-2: SINGLE (Groundball, 3D) Manuel Guillama to second Runner from 2nd tries for 3rd, SAFE, no throw
|
Batting: RHB Ángel Rivera
|
0-0: Ball 1-0: Ball 2-0: SINGLE (Line Drive, 78S) Manuel Guillama scores Melvin Castro to second
|
Batting: LHB Ricardo Collazo
|
0-0: Called Strike 0-1: Ball 1-1: Fly out, F8 (Flyball, 8RD)
|
Top of the 3rd over - 2 runs, 4 hits, 0 errors, 2 left on base; Chicago 4 - Panama City 4 |
BOTTOM OF THE 3RD |
Panama City Piranhas batting - Pitching for Chicago Gold Sox : RHP Shuntavyious Primes-Willes
|
Batting: RHB Armando Alvarado
|
0-0: Called Strike 0-1: Foul Ball, location: 2F 0-2: Reached on error, E3 (Groundball, 34)
|
Batting: RHB Juan Jose Ayala
|
0-0: Called Strike 0-1: Called Strike Armando Alvarado steals 2nd base 0-2: Foul Ball, location: 2F 0-2: Ball 1-2: Foul Ball, location: 2F 1-2: Ball 2-2: Ground out 5-3 (Groundball, 56)
|
Batting: RHB Raúl Ortíz
|
0-0: Ball 1-0: Foul Ball, location: 2F 1-1: Ball 2-1: Foul Ball, location: 2F 2-2: Foul Ball, location: 2F 2-2: Ball 3-2: Fly out, F9 (Flyball, 9LD) Runner from 2nd tags up, SAFE at 3rd, no throw
|
Batting: RHB Andy Putman
|
0-0: Called Strike 0-1: Swinging Strike 0-2: SINGLE (Groundball, 4D) Armando Alvarado scores
|
Batting: LHB Sergio Muńóz
|
0-0: Swinging Strike 0-1: Ball 1-1: Foul Ball, location: 2F 1-2: Ground out 4-3 (Groundball, 4)
|
Bottom of the 3rd over - 1 run, 1 hit, 1 error, 1 left on base; Chicago 4 - Panama City 5 |
TOP OF THE 4TH |
Chicago Gold Sox batting - Pitching for Panama City Piranhas : LHP Pedro Alejándrez
|
Batting: RHB Matt Love
|
0-0: Ball 1-0: Called Strike 1-1: Foul Ball, location: 2F 1-2: Strikes out swinging
|
Batting: LHB Stanley Belote
|
0-0: Ball 1-0: Ball 2-0: Foul Ball, location: 2F 2-1: Ball 3-1: Base on Balls
|
Batting: LHB Noel Ballard
|
0-0: Called Strike Stanley Belote steals 2nd base 0-1: Called Strike 0-2: Ball 1-2: Strikes out swinging
|
Batting: SHB Lupo Cotto
|
0-0: Ball 1-0: Ball 2-0: Ball 3-0: Called Strike 3-1: Base on Balls
|
Batting: LHB Dewitt Hopper
|
0-0: SINGLE (Line Drive, 89S) Stanley Belote to third Lupo Cotto to second Runner from 3rd tries for Home, SAFE, no throw
|
Batting: RHB Manuel Guillama
|
0-0: Called Strike 0-1: Foul Ball, location: 2F 0-2: Ball 1-2: Ground out 4-3 (Groundball, 4)
|
Top of the 4th over - 1 run, 1 hit, 0 errors, 2 left on base; Chicago 5 - Panama City 5 |
BOTTOM OF THE 4TH |
Panama City Piranhas batting - Pitching for Chicago Gold Sox : RHP Shuntavyious Primes-Willes
|
Batting: RHB Rob Gray
|
0-0: Ball 1-0: Ball 2-0: Ball 3-0: Base on Balls
|
Batting: LHB Jack Sutherland
|
0-0: Called Strike 0-1: Ground out U3 (Groundball, 34S) Rob Gray to second
|
Batting: LHB Robert Adams
|
0-0: Called Strike 0-1: Ball 1-1: SINGLE (Line Drive, 8RS) Rob Gray to third Runner from 3rd tries for Home, SAFE, no throw
|
Batting: RHB Baldomero Avino
|
0-0: Ball 1-0: Called Strike 1-1: Foul Ball, location: 2F 1-2: Strikes out swinging
|
Batting: RHB Armando Alvarado
|
0-0: Ball 1-0: Ball 2-0: Ball 3-0: Called Strike 3-1: Ground out 4-3 (Groundball, 4)
|
Bottom of the 4th over - 1 run, 1 hit, 0 errors, 1 left on base; Chicago 5 - Panama City 6 |
TOP OF THE 5TH |
Chicago Gold Sox batting - Pitching for Panama City Piranhas : LHP Pedro Alejándrez
|
Batting: LHB Melvin Castro
|
0-0: Swinging Strike 0-1: Foul Ball, location: 2F 0-2: Strikes out swinging
|
Batting: RHB Ángel Rivera
|
0-0: Called Strike 0-1: Ground out 6-3 (Groundball, 6)
|
Batting: LHB Ricardo Collazo
|
0-0: Foul Ball, location: 2F 0-1: Foul Ball, location: 2F 0-2: Ball 1-2: Foul Ball, location: 2F 1-2: Strikes out swinging
|
Top of the 5th over - 0 runs, 0 hits, 0 errors, 0 left on base; Chicago 5 - Panama City 6 |
BOTTOM OF THE 5TH |
Panama City Piranhas batting - Pitching for Chicago Gold Sox : RHP Shuntavyious Primes-Willes
|
Batting: RHB Juan Jose Ayala
|
0-0: Ball 1-0: Ball 2-0: Ball 3-0: Base on Balls
|
Pitching: RHP Alberto Mendoza
|
|
Batting: RHB Raúl Ortíz
|
0-0: Ball Juan Jose Ayala steals 2nd base 1-0: Ground out 5-3 (Groundball, 56S) Juan Jose Ayala to third
|
Batting: RHB Andy Putman
|
0-0: Ball 1-0: Ball 2-0: Called Strike 2-1: Ball 3-1: Fly out, F9 (Flyball, 9) Runner from 3rd tags up, SCORES, no throw
|
Batting: LHB Sergio Muńóz
|
0-0: Ball 1-0: Fly out, F9 (Flyball, 9D)
|
Bottom of the 5th over - 1 run, 0 hits, 0 errors, 0 left on base; Chicago 5 - Panama City 7 |
TOP OF THE 6TH |
Chicago Gold Sox batting - Pitching for Panama City Piranhas : LHP Pedro Alejándrez
|
Pitching: RHP Edgardo Nava
|
|
Batting: RHB Matt Love
|
0-0: Ball 1-0: Ball 2-0: Ground out 4-3 (Groundball, 4M)
|
Batting: LHB Stanley Belote
|
0-0: Ball 1-0: Foul Ball, location: 2F 1-1: Ball 2-1: Called Strike 2-2: Foul Ball, location: 2F 2-2: Fly out, F6 (Popup, 6MS)
|
Batting: LHB Noel Ballard
|
0-0: Ball 1-0: Called Strike 1-1: Foul Ball, location: 2F 1-2: Fly out, F7 (Flyball, 7)
|
Top of the 6th over - 0 runs, 0 hits, 0 errors, 0 left on base; Chicago 5 - Panama City 7 |
BOTTOM OF THE 6TH |
Panama City Piranhas batting - Pitching for Chicago Gold Sox : RHP Alberto Mendoza
|
Batting: RHB Rob Gray
|
0-0: Called Strike 0-1: Called Strike 0-2: Ball 1-2: Ball 2-2: Ball 3-2: Foul Ball, location: 2F 3-2: Strikes out swinging
|
Batting: LHB Jack Sutherland
|
0-0: Called Strike 0-1: Foul Ball, location: 2F 0-2: Ball 1-2: Ball 2-2: Foul Ball, location: 2F 2-2: Ball 3-2: Foul Ball, location: 2F 3-2: Foul Ball, location: 2F 3-2: Strikes out swinging, 2-3 out at first.
|
Batting: LHB Robert Adams
|
0-0: Called Strike 0-1: Ground out 4-3 (Groundball, 4)
|
Bottom of the 6th over - 0 runs, 0 hits, 0 errors, 0 left on base; Chicago 5 - Panama City 7 |
TOP OF THE 7TH |
Chicago Gold Sox batting - Pitching for Panama City Piranhas : RHP Edgardo Nava
|
Batting: SHB Lupo Cotto
|
0-0: Ball 1-0: Swinging Strike 1-1: Ball 2-1: SINGLE (Flyball, 8RM)
|
Batting: LHB Dewitt Hopper
|
0-0: Foul Ball, location: 2F 0-1: Ball 1-1: Ball 2-1: Called Strike 2-2: Foul Ball, location: 2F 2-2: 2-RUN HOME RUN (Flyball, 9D), Distance : 402 ft
|
Pitching: RHP Tobías Pérez
|
|
Batting: RHB Manuel Guillama
|
0-0: Called Strike 0-1: Ball 1-1: Ball 2-1: Ball 3-1: Base on Balls
|
Batting: LHB Melvin Castro
|
0-0: Ball 1-0: Swinging Strike 1-1: Ground out 3-1 (Groundball, 34S) Manuel Guillama to second
|
Pinch Hitting: LHB Sergio Rodríguez
|
0-0: Called Strike 0-1: Ball 1-1: Fly out, F3 (Popup, 34)
|
Batting: LHB Ricardo Collazo
|
0-0: Ball 1-0: Ball 2-0: Foul Ball, location: 2F 2-1: Swinging Strike 2-2: Foul Ball, location: 2F 2-2: Strikes out looking
|
Top of the 7th over - 2 runs, 2 hits, 0 errors, 1 left on base; Chicago 7 - Panama City 7 |
BOTTOM OF THE 7TH |
Panama City Piranhas batting - Pitching for Chicago Gold Sox : RHP Alberto Mendoza
|
Now in CF: Sergio Rodríguez
|
|
Batting: RHB Baldomero Avino
|
0-0: Ball 1-0: Ball 2-0: Called Strike 2-1: Called Strike 2-2: Foul Ball, location: 2F 2-2: Foul Ball, location: 2F 2-2: Foul Ball, location: 2F 2-2: Fly out, F6 (Popup, 6)
|
Batting: RHB Armando Alvarado
|
0-0: Foul Ball, location: 2F 0-1: SINGLE (Groundball, 56D)
|
Batting: RHB Juan Jose Ayala
|
0-0: Called Strike 0-1: Ball 1-1: Ball Wild Pitch! Armando Alvarado to second 2-1: TRIPLE (Flyball, 89XD) Armando Alvarado scores
|
Batting: RHB Raúl Ortíz
|
0-0: Ball 1-0: Called Strike 1-1: Foul Ball, location: 2F 1-2: Ball 2-2: Strikes out swinging
|
Batting: RHB Andy Putman
|
0-0: Called Strike 0-1: Ball 1-1: Foul Ball, location: 2F 1-2: Fly out, F9 (Line Drive, 9D)
|
Bottom of the 7th over - 1 run, 2 hits, 0 errors, 1 left on base; Chicago 7 - Panama City 8 |
TOP OF THE 8TH |
Chicago Gold Sox batting - Pitching for Panama City Piranhas : RHP Tobías Pérez
|
Batting: RHB Matt Love
|
0-0: Ball 1-0: Ball 2-0: Ball 3-0: Called Strike 3-1: Base on Balls
|
Batting: LHB Stanley Belote
|
0-0: Ball 1-0: Foul Ball, location: 2F 1-1: Foul Ball, location: 2F 1-2: Ball 2-2: Strikes out swinging
|
Batting: LHB Noel Ballard
|
0-0: Ball 1-0: Ball 2-0: Called Strike 2-1: Ball 3-1: Base on Balls Matt Love to second
|
Pitching: RHP Anderson O'Mara
|
|
Batting: SHB Lupo Cotto
|
0-0: Ball 1-0: Fly out, F8 (Flyball, 8RS)
|
Batting: LHB Dewitt Hopper
|
0-0: Foul Ball, location: 2F 0-1: Ground out U3 (Groundball, 3S)
|
Top of the 8th over - 0 runs, 0 hits, 0 errors, 2 left on base; Chicago 7 - Panama City 8 |
BOTTOM OF THE 8TH |
Panama City Piranhas batting - Pitching for Chicago Gold Sox : RHP Alberto Mendoza
|
Batting: LHB Sergio Muńóz
|
0-0: Called Strike 0-1: Ball 1-1: Ball 2-1: Fly out, F8 (Flyball, 8LD)
|
Batting: RHB Rob Gray
|
0-0: Ball 1-0: Ball 2-0: Called Strike 2-1: Ball 3-1: Foul Ball, location: 2F 3-2: Strikes out swinging
|
Batting: LHB Jack Sutherland
|
0-0: Hit by Pitch
|
Batting: LHB Robert Adams
|
0-0: Fly out, F9 (Flyball, 9S)
|
Bottom of the 8th over - 0 runs, 0 hits, 0 errors, 1 left on base; Chicago 7 - Panama City 8 |
TOP OF THE 9TH |
Chicago Gold Sox batting - Pitching for Panama City Piranhas : RHP Anderson O'Mara
|
Pitching: RHP Mark Valle
|
|
Batting: RHB Manuel Guillama
|
0-0: Fly out, F8 (Flyball, 8RD)
|
Batting: LHB Melvin Castro
|
0-0: Ball 1-0: Swinging Strike 1-1: Ball 2-1: Called Strike 2-2: Strikes out swinging
|
Batting: LHB Sergio Rodríguez
|
0-0: Ball 1-0: Swinging Strike 1-1: Foul Ball, location: 2F 1-2: Ball 2-2: Fly out, F9 (Flyball, 89D)
|
Top of the 9th over - 0 runs, 0 hits, 0 errors, 0 left on base; Chicago 7 - Panama City 8 |
|